 Dungeon Crawl Stone Soup version 0.29.1-12-g30fa7ad0bf (webtiles) character file.

Game seed: 9031879980542320589

2772 croobank the Conjurer (level 9, -1/60 HPs)
             Began as a Demonspawn Conjurer on Dec 28, 2022.
             Was an Initiate of Gozag.
             Slain by a kobold brigand
             ... wielding a +0 war axe
              (5 damage)
             ... in a bailey.
             The game lasted 00:49:35 (9117 turns).

croobank the Conjurer (Demonspawn Conjurer)         Turns: 9117, Time: 00:49:35

Health: -1/60      AC:  9    Str:  7    XL:     9   Next: 42%
Magic:  0/16       EV: 15    Int: 25    God:    Gozag
Gold:   274        SH:  0    Dex: 11    Spells: 4/17 levels left

rFire   . . .      SeeInvis .   C - +2 dagger (drain)
rCold   . . .      Faith    .   (no shield)
rNeg    . . .      Spirit   +   g - +1 robe
rPois   .          Reflect  .   (no helmet)
rElec   .          Harm     .   c - +0 cloak
rCorr   .          Rampage  .   s - +0 pair of gloves
Will    +....                   (boots unavailable)
Stlth   +++.......              l - amulet of guardian spirit
HPRegen 0.20/turn               h - ring of willpower
MPRegen 0.15/turn               n - +4 ring of protection

@: mighty, attractive, very slightly contaminated
A: hooves 3, repulsion field 1, powered by pain 1, frail 1
a: Renounce Religion, Potion Petition, Call Merchant, Bribe Branch


You were in a bailey.
You worshipped Gozag.
Gozag was aware of your devotion.
You visited 2 branches of the dungeon, and saw 8 of its levels.
You also visited: Bailey.

You collected 416 gold pieces.
You paid 142 gold pieces to Gozag.

Inventory:

Hand Weapons
 b - a +1 whip of flaming
 e - a +0 war axe of protection
 f - a +0 morningstar
 p - a +0 hand axe
 t - a +0 falchion
 y - a +1 dagger of venom
 C - a +2 dagger of draining (weapon)
Missiles
 m - 13 poisoned darts
 B - 11 curare-tipped darts
 F - 19 boomerangs
 H - 4 datura-tipped darts
Armour
 c - a +0 cloak (worn)
 g - a +1 robe (worn)
 r - the +1 robe of the Monkey's Uncle {rPois rC- Will+++ Str-3}
   (You found it on level 2 of the Dungeon)

   Str:       It affects your strength (-3).
   rC:        It makes you vulnerable to cold.
   rPois:     It protects you from poison.
   Will:      It greatly increases your willpower.
 s - a +0 pair of gloves (worn)
 G - the +9 chain mail of the Onion {Stlth+}
   (You found it in a bailey)

   Stlth:     It makes you more stealthy.
Magical Staves
 a - a staff of fire
Jewellery
 h - a ring of willpower (left hand)
 l - an amulet of guardian spirit (around neck)
 n - a +4 ring of protection (right hand)
 w - a ring of positive energy
Wands
 x - a wand of digging (4)
Scrolls
 d - 4 scrolls of teleportation
 k - a scroll of amnesia {unknown}
 E - a scroll of identify
Potions
 i - 3 potions of curing
 o - a potion of might
 q - a potion of invisibility
 v - a potion of cancellation {unknown}
 z - a potion of lignification {unknown}
 A - a potion of resistance
 D - a potion of mutation


   Skills:
 + Level 4.9 Fighting
 + Level 4.7 Dodging
 + Level 5.1 Stealth
 + Level 4.8 Spellcasting
 + Level 6.4 Conjurations
 + Level 4.4 Hexes
 + Level 2.1 Translocations
 * Level 3.3 Transmutations


You had 4 spell levels left.
You knew the following spells:

 Your Spells              Type           Power      Damage    Failure   Level
a - Magic Dart            Conj           100%       1d8       1%          1
b - Searing Ray           Conj           76%        2d7       1%          2
c - Dazzling Flash        Conj/Hex       66%        N/A       2%          3
d - Beastly Appendage     Tmut           44%        N/A       2%          1
e - Wereblood             Tmut           22%        N/A       3%          2
f - Iskenderun's Mystic   Conj/Tloc      27%        2d7       14%         4

Your spell library contained the following spells:

 Spells                   Type           Power      Damage    Failure   Level
 Apportation              Tloc           32%        N/A       3%          1
 Sting                    Tmut/Pois      56%        1d5       4%          1
 Ensorcelled Hibernation  Hex/Ice        34%        N/A       4%          2
 Passwall                 Tmut/Erth      11%        N/A       6%          2
 Necrotise                Necr           24%        1d5       9%          1
 Summon Small Mammal      Summ           24%        N/A       9%          1
 Fulminant Prism          Conj/Hex       16%        3d11      9%          4
 Poisonous Vapours        Pois/Air       12%        N/A       13%         2
 Spider Form              Tmut/Pois      14%        N/A       13%         3
 Ozocubu's Armour         Ice            6%         N/A       26%         3
 Swiftness                Air            6%         N/A       26%         3
 Anguish                  Hex/Necr       8%         N/A       32%         4
 Olgreb's Toxic Radiance  Pois           6%         N/A       63%         4
 Summon Lightning Spire   Summ/Air       6%         N/A       63%         4
 Borgnjor's Vile Clutch   Necr/Erth      3%         N/A       93%         5
 Death Channel            Necr           3%         N/A       100%        6
 Ozocubu's Refrigeration  Ice            3%         4d8       100%        7
 Storm Form               Tmut/Air       7%         N/A       100%        7
 Maxwell's Capacitive Co  Air            3%         ∞         100%        8
 Animate Dead             Necr           Unusable   N/A       N/A         4

Dungeon Overview and Level Annotations

Branches:
Dungeon (7/15)             Temple (1/1) D:7          Bailey (1/1)

Altars:
Ashenzari
Cheibriados
Dithmenos
Fedhas
Gozag
Hepliaklqana
Kikubaaqudgha
Nemelex Xobeh
Okawaru
Ru
Sif Muna
Trog
Xom
Yredelemnul

Shops:
D:5 *


Innate Abilities, Weirdness & Mutations

You have hooves in place of feet.
You are surrounded by a mild repulsion field. (EV +2)
You sometimes gain a little power by taking damage.
You are frail. (-10% HP)


Message History

Your butterfly disappears in a burst of colours!
The kobold brigand is moderately wounded.
The mystic blast hits the orc warrior.
The orc warrior is lightly wounded.
The orc warrior is knocked back by the mystic blast.
The orc warrior collides with the orc warrior!
The orc warrior is lightly wounded.
The orc warrior is moderately wounded.
The mystic blast hits your butterfly!
You kill your butterfly!
Your butterfly disappears in a burst of colours!
The mystic blast hits your butterfly!
You kill your butterfly!
Your butterfly disappears in a burst of colours!
The mystic blast hits the kobold brigand!
The kobold brigand is moderately wounded.
The kobold brigand is knocked back by the mystic blast.
The kobold brigand slams into the stone wall!
The kobold brigand is heavily wounded.
The mystic blast hits the orc warrior.
The orc warrior is moderately wounded.
The orc warrior is knocked back by the mystic blast.
The orc warrior collides with the orc warrior!
You feel sick.
The kobold brigand is attracted toward you. x2
Casting: Iskenderun's Mystic Blast (dangerous; 14% risk of failure)
Confirm with . or Enter, or press ? or * to list all spells.
You miscast Iskenderun's Mystic Blast.
You are very lightly contaminated with residual magic.
Nothing appears to happen.
You feel sick.
The kobold brigand hits you but does no damage.
The kobold brigand hits you with a +0 war axe!
* * * LOW HITPOINT WARNING * * *
Okay, then.
You feel better.
The orc warrior hits you with a +0 battleaxe.
* * * LOW HITPOINT WARNING * * *
The kobold brigand hits you with a +0 war axe.
You die...
Your body crumbles into a pile of gold.

###'### ##.....##
#...8...# #∩....(∩#
##..§..##
####o''####
##~..oo...~##
###~~oKKK...~~###
...~~.o@....~~...
###~~...bb..~~###
...~~.......~~...
###~~.......~~###
..~~.......~~...
###~~.......~~###.#
...~~.......~~....#
###~~....)).~~###.#
...~~.......~~....#


You could see 5 orc warriors and 3 kobold brigands.

Vanquished Creatures
  Pikel (D:4)
  Eustachio (D:3)
  A steam dragon (D:6)
  Duvessa (D:5)
  3 ice beasts
  2 ogres (D:4)
  3 phantoms
  4 kobold brigands
  3 lemures
  A necrophage (D:6)
  3 scorpions
  Dowan (D:5)
  3 hounds
  4 orc priests
  A jelly (D:6)
  4 iguanas
  4 orc wizards
  10 adders
  A shadow imp (D:5)
  An ufetubus (D:5)
  2 worms
  10 dart slugs
  23 orcs
  3 bats
  6 endoplasms
  4 giant cockroaches
  8 goblins
  8 hobgoblins
  14 kobolds
  6 quokkas
  9 ball pythons
  A ball python skeleton (D:3)
  4 frilled lizards
  A quokka zombie (D:3)
  6 rats
157 creatures vanquished.

Vanquished Creatures (others)
  An orc wizard (D:6)
  A withered plant (D:3)
2 creatures vanquished.

Grand Total: 159 creatures vanquished

Notes
Turn   | Place    | Note
-------+----------+-------------------------------------------
     0 | D:1      | croobank the Demonspawn Conjurer began the quest for the
                  | Orb.
     0 | D:1      | Reached XP level 1. HP: 13/13 MP: 3/3
   812 | D:1      | Gained mutation: You have large cloven feet. [demonic
                  | ancestry]
   812 | D:1      | Reached XP level 2. HP: 20/20 MP: 3/5
   815 | D:1      | Learned a level 2 spell: Searing Ray
  1459 | D:2      | Reached skill level 1 in Fighting
  1593 | D:2      | Gained mutation: You have hoof-like feet. [demonic
                  | ancestry]
  1593 | D:2      | Reached XP level 3. HP: 26/26 MP: 3/6
  1597 | D:2      | Learned a level 3 spell: Dazzling Flash
  1802 | D:2      | Identified the +1 robe of the Monkey's Uncle {rPois rC-
                  | Will+++ Str-3}
  2193 | D:2      | Reached XP level 4. HP: 29/32 MP: 0/7
  3191 | D:3      | Reached skill level 1 in Hexes
  3191 | D:3      | Reached XP level 5. HP: 28/38 MP: 1/9
  3627 | D:3      | Identified the +10 hand axe of Laptoak {flame, +Blink rPois
                  | rN+}
  4107 | D:4      | Noticed Eustachio
  4115 | D:4      | Learned a level 1 spell: Beastly Appendage
  4231 | D:3      | Learned a level 2 spell: Wereblood
  4408 | D:3      | Killed Eustachio
  4409 | D:3      | Gained mutation: You are surrounded by a mild repulsion
                  | field. (EV +2) [demonic ancestry]
  4409 | D:3      | Reached XP level 6. HP: 39/46 MP: 1/10
  4748 | D:4      | Reached skill level 5 in Conjurations
  4748 | D:4      | Gained mutation: You have hooves in place of feet. [demonic
                  | ancestry]
  4748 | D:4      | Reached XP level 7. HP: 52/52 MP: 3/12
  5249 | D:5      | Entered Level 5 of the Dungeon
  5514 | D:5      | Noticed Pikel
  5544 | D:4      | Killed Pikel
  5545 | D:4      | Reached skill level 1 in Transmutations
  5545 | D:4      | Gained mutation: You sometimes gain a little power by
                  | taking damage. [demonic ancestry]
  5545 | D:4      | Reached XP level 8. HP: 59/60 MP: 2/13
  5970 | D:5      | Found Istyaca's Lightly-Used Armoury.
  6039 | D:5      | Noticed Duvessa
  6041 | D:5      | Noticed Dowan
  6816 | D:6      | Reached skill level 6 in Conjurations
  6878 | D:6      | Reached skill level 1 in Translocations
  7126 | D:6      | Gained mutation: You have sharp fingernails. [potion of
                  | mutation]
  7126 | D:6      | Gained mutation: You are frail. (-10% HP) [potion of
                  | mutation]
  7126 | D:6      | Gained mutation: You are very frail. (-20% HP) [potion of
                  | mutation]
  7127 | D:6      | Lost mutation: You have sharp fingernails. [potion of
                  | mutation]
  7127 | D:6      | Lost mutation: You are very frail. (-20% HP) [potion of
                  | mutation]
  7127 | D:6      | Gained mutation: You are agile. (Dex +4, Str/Int -1)
                  | [potion of mutation]
  7127 | D:6      | Gained mutation: You are strong-willed. (Will+) [potion of
                  | mutation]
  7127 | D:6      | Gained mutation: You occasionally lose the ability to read
                  | scrolls when taking damage. [potion of mutation]
  7127 | D:6      | Gained mutation: You expend magic power (3 MP) to
                  | strengthen your wands. [potion of mutation]
  7128 | D:6      | Lost mutation: You are frail. (-10% HP) [potion of
                  | mutation]
  7128 | D:6      | Lost mutation: You are strong-willed. (Will+) [potion of
                  | mutation]
  7128 | D:6      | Lost mutation: You occasionally lose the ability to read
                  | scrolls when taking damage. [potion of mutation]
  7128 | D:6      | Gained mutation: You are dopey. (Int -2) [potion of
                  | mutation]
  7128 | D:6      | Gained mutation: You are very agile. (Dex +8, Str/Int -2)
                  | [potion of mutation]
  7129 | D:6      | Lost mutation: You expend magic power (3 MP) to strengthen
                  | your wands. [potion of mutation]
  7129 | D:6      | Lost mutation: You are dopey. (Int -2) [potion of mutation]
  7129 | D:6      | Lost mutation: You are very agile. (Dex +8, Str/Int -2)
                  | [potion of mutation]
  7129 | D:6      | Gained mutation: Your magical capacity is low. (-10% MP)
                  | [potion of mutation]
  7129 | D:6      | Gained mutation: You are frail. (-10% HP) [potion of
                  | mutation]
  7129 | D:6      | Gained mutation: Your spells are a little harder to cast,
                  | but a little more powerful. [potion of mutation]
  7387 | D:5      | Reached XP level 9. HP: 47/59 MP: 11/14
  7767 | D:5      | Lost mutation: Your spells are a little harder to cast, but
                  | a little more powerful. [potion of mutation]
  7767 | D:5      | Lost mutation: Your magical capacity is low. (-10% MP)
                  | [potion of mutation]
  7767 | D:5      | Lost mutation: You are agile. (Dex +4, Str/Int -1) [potion
                  | of mutation]
  7933 | D:5      | Found a hazy altar of Hepliaklqana.
  7933 | D:5      | Found a shimmering blue altar of Sif Muna.
  8103 | D:5      | Killed Duvessa
  8104 | D:5      | Reached skill level 5 in Stealth
  8111 | D:5      | Killed Dowan
  8669 | D:7      | Found a staircase to the Ecumenical Temple.
  8689 | Temple   | Entered the Ecumenical Temple
  8746 | Temple   | Became a worshipper of Gozag Ym Sagoz the Greedy
  8776 | D:7      | Found a flagged portal.
  8807 | Bailey   | Entered a bailey
  8813 | Bailey   | Learned a level 4 spell: Iskenderun's Mystic Blast
  9095 | Bailey   | Identified the +9 chain mail of the Onion {Stlth+}
  9116 | Bailey   | HP: 1/60 [kobold brigand/+0 war axe (7)]
  9117 | Bailey   | Slain by a kobold brigand

Illustrated notes

Levels and vault maps discovered:
D:1:      lightli_arrival_farm, layout_loops_corners
D:2:      layout_loops_corners, minmay_tall_x
D:3:      layout_loops_ring, serial_undead, serial_undead_d, serial_undead_d,
          serial_undead_c, serial_undead_b, minmay_misc_feat_enclosed
D:4:      layout_cave_pools, uniq_eustachio
D:5:      layout_cave_pools, jmf_multi_god_temple, serial_column_ruins,
          column_ruins_hut, column_ruins_columns_straight,
          column_ruins_columns_corner, column_ruins_columns_plus,
          minmay_shop_damaged, chequers_serial_rivers_micro_b, uniq_pikel,
          uniq_duvessa
D:6:      kennysheep_slugbush, layout_rooms
D:7:      minmay_the_grid_octo_tiled_squarecenter [minmay_the_grid_octo_77,
          minmay_the_grid_octo_thin_diamonds, minmay_the_grid_octo_focus,
          minmay_the_grid_octo_clover_2,
          minmay_the_grid_square_5x5_megaprize_checkered,
          minmay_the_grid_square_5x5_n, minmay_the_grid_square_5x5_shuriken,
          minmay_the_grid_square_5x5_slash,
          minmay_the_grid_square_5x5_two_small], layout_cave_pods,
          makhleb_grotto_becter, minmay_temple_entry_glassed_door,
          enter_bailey_5, serial_shops, kennysheep_mini_moat
Temple:   compressed_dpeg_triangle_lava_temple
Bailey:   bailey_axe_3, bailey

Skill      XL: |  1  2  3  4  5  6  7  8  9 |
---------------+----------------------------+-----
Stealth        | 2 3 4 5 |  5.1
Dodging        | 2 3 4 |  4.7
Fighting       | 1 2 3 4 |  4.9
Hexes          | 1 2 3 4 |  4.4
Spellcasting   | 3 4 |  4.8
Conjurations   | 5 6 |  6.4
Transmutations | 1 2 3 |  3.3
Translocations | 1 2 |  2.1

Action                   |  1- 3 |  4- 6 |  7- 9 || total
-------------------------+-------+-------+-------++-------
Melee: Unarmed           |     8 |       |       ||     8
       Dagger            |    14 |    32 |   217 ||   263
       Kick              |     6 |     6 |    61 ||    73
       Punch             |       |       |     4 ||     4
       Headbutt          |       |       |     1 ||     1
 Cast: Magic Dart        |    33 |    36 |    50 ||   119
       Searing Ray       |    11 |    22 |    32 ||    65
       Beastly Appendage |       |     2 |     2 ||     4
       Wereblood         |       |     2 |       ||     2
       Dazzling Flash    |       |     4 |    12 ||    16
       Iskenderun's Myst |       |       |     3 ||     3
  Use: Scroll            |       |     5 |    14 ||    19
       Potion            |       |     1 |    12 ||    13
 Stab: Sleeping          |     2 |     1 |     5 ||     8
       Invisible         |       |       |     4 ||     4
       Distracted        |       |       |     1 ||     1
Armor: Robe              |    13 |    13 |    81 ||   107
Dodge: Dodged            |    20 |    40 |   225 ||   285
